 Dungeon Crawl Stone Soup version 0.17.0-28-g6e173f8 (console) character file.

260 Kloppie the Firebug (level 5, -2/28 HPs)
             Began as a Deep Elf Fire Elementalist on Nov 24, 2015.
             Shot with an arrow by a centaur (6 damage)
             ... on level 5 of the Dungeon.
             The game lasted 00:08:21 (4881 turns).

Kloppie the Firebug (Deep Elf Fire Elementalist)    Turns: 4881, Time: 00:08:22

Health: -2/28      AC:  4    Str:  5    XL:     5   Next: 95%
Magic:  6/11       EV: 14    Int: 21    God:
Gold:   190        SH:  0    Dex: 15    Spells: 4 memorised, 0 levels left

rFire  . . .     SeeInvis .     z - +0 dagger
rCold  . . .     Clarity  .     a - +0 robe
rNeg   . . .     SustAt   .     (no shield)
rPois  .         Gourm    .     n - +1 hat
rElec  .         Spirit   .     (no cloak)
rCorr  .         Warding  .     D - +0 pair of gloves
rMut   .         Stasis   .     (no boots)
MR     .....                    (no amulet)
Stlth  ++........               (no ring)
                                (no ring)

@: not resistant to hostile enchantments, unstealthy
A: no striking features
a: no special abilities


You were on level 5 of the Dungeon.
You were hungry.

You visited 1 branch of the dungeon, and saw 5 of its levels.

You collected 190 gold pieces.

Inventory:

Hand Weapons
 z - a +0 dagger (weapon)
 C - a cursed +0 rapier
Armour
 a - a +0 robe (worn)
 n - a +1 hat (worn)
 D - a +0 pair of gloves (worn)
Jewellery
 k - an uncursed amulet of resist corrosion {unknown}
Scrolls
 f - a scroll of teleportation {unknown}
 l - 2 scrolls of random uselessness {unknown}
 m - a scroll of recharging {unknown}
 p - 2 scrolls of remove curse {unknown}
 q - a scroll of immolation {unknown}
 r - a scroll of blinking {unknown}
 s - 4 scrolls of identify {unknown}
 x - 2 scrolls of noise {unknown}
 y - a scroll of amnesia {unknown}
 A - a scroll of enchant armour {unknown}
 E - a scroll of enchant weapon {unknown}
Potions
 d - 2 potions of beneficial mutation {unknown}
 e - 5 potions of curing {unknown}
 g - 4 potions of heal wounds {unknown}
 h - 2 potions of might {unknown}
 j - a potion of flight {unknown}
 o - a potion of resistance {unknown}
 t - a potion of magic {unknown}
 u - 2 potions of agility {unknown}
 v - 2 potions of mutation {unknown}
 w - 2 potions of brilliance {unknown}
 B - a potion of cancellation {unknown}
Books
 b - a book of Flames

   Spells                             Type                      Level
   a - Flame Tongue                   Conjuration/Fire             1
   b - Throw Flame                    Conjuration/Fire             2
   c - Conjure Flame                  Conjuration/Fire             3
   d - Inner Flame                    Hexes/Fire                   3
   e - Sticky Flame                   Conjuration/Fire             4
   f - Fireball                       Conjuration/Fire             5
Comestibles
 c - 2 bread rations
 i - 2 meat rations
 F - a chunk of flesh


   Skills:
 - Level 4.0 Dodging
 + Level 3.6 Stealth
 - Level 3.0 Spellcasting
 + Level 3.7 Conjurations
 + Level 5.0 Fire Magic


You couldn't memorise any spells.
You knew the following spells:

 Your Spells              Type           Power        Failure   Level  Hunger
a - Flame Tongue          Conj/Fire      ###..        1%          1    None
b - Throw Flame           Conj/Fire      ###...       3%          2    ##.....
c - Conjure Flame         Conj/Fire      ###.....     10%         3    ###....
d - Sticky Flame          Conj/Fire      ###.....     24%         4    ####...


Dungeon Overview and Level Annotations

Branches:
Dungeon (5/15)
 Temple: D:4-7

Altars:
Ashenzari
Elyvilon
Nemelex Xobeh
Okawaru

Annotations:
D:3 Grinder
D:4 exclusion: 2 ogres


Message History

You kill the orc wizard!
The centaur shoots an arrow.
The arrow hits you.
The centaur shoots an arrow.
The arrow completely misses you.
The centaur shoots an arrow.
The arrow hits you.
You see here 2 arrows.
The centaur shoots an arrow.
The arrow misses you.
You see here an arrow.
The centaur shoots an arrow.
The arrow closely misses you.
The centaur shoots an arrow.
The arrow closely misses you.
The centaur shoots an arrow.
The arrow hits you!
* * * LOW HITPOINT WARNING * * *
You see here 3 arrows.
The centaur shoots an arrow.
The arrow misses you.
You see here an arrow.
Casting: Flame Tongue
Confirm with . or Enter, or press ? or * to list all spells.
Aiming: Conjure Flame
Press: ? - help, Dir - move target cursor The fire roars!
The centaur shoots an arrow.
The arrow hits you.
You die...

........##.#
.###..oo##.###
.# #..#.o..c.#
.# #o.####.#.#
## #.. ...#.#
##o #####.#
### #o
#c###.## ..
#.(§.#.#
#####@## #.#
#.# ##.##
#...#
#...##### #
#÷........
############
#.########
#.##.......#
#.#


You could see a centaur.

Vanquished Creatures
  A phantom (D:5)
  2 orc wizards
  An orc priest (D:4)
  An adder (D:3)
  A worm (D:2)
  5 giant geckos
  3 orcs (D:4)
  2 ball pythons
  5 giant cockroaches
  4 goblins
  12 hobgoblins
  7 jackals
  5 kobolds (D:1)
  A quokka (D:2)
  6 bats
  3 giant newts (D:1)
  7 rats
66 creatures vanquished.

Notes
Turn   | Place    | Note
--------------------------------------------------------------
     0 | D:1      | Kloppie the Deep Elf Fire Elementalist began the quest for the Orb.
     0 | D:1      | Reached XP level 1. HP: 10/10 MP: 6/6
   172 | D:1      | You fall through a shaft!
   174 | D:2      | Reached XP level 2. HP: 15/15 MP: 6/8
   178 | D:2      | Learned a level 2 spell: Throw Flame
  1008 | D:1      | Reached XP level 3. HP: 16/19 MP: 7/9
  1021 | D:1      | Learned a level 3 spell: Conjure Flame
  1732 | D:1      | Reached skill level 4 in Fire Magic
  3073 | D:3      | Noticed Grinder
  3330 | D:3      | Reached XP level 4. HP: 24/24 MP: 10/10
  3704 | D:4      | Noticed an ogre
  3825 | D:4      | Noticed an ogre
  3931 | D:4      | Found a sparkling altar of Nemelex Xobeh.
  3948 | D:4      | Found a shattered altar of Ashenzari.
  3976 | D:4      | Reached XP level 5. HP: 28/28 MP: 9/11
  3989 | D:4      | Learned a level 4 spell: Sticky Flame
  4183 | D:4      | Found an iron altar of Okawaru.
  4503 | D:5      | Entered Level 5 of the Dungeon
  4654 | D:5      | Found a white marble altar of Elyvilon.
  4682 | D:5      | Noticed a phantom
  4700 | D:5      | Killed a phantom
  4700 | D:5      | Reached skill level 5 in Fire Magic
  4867 | D:5      | Noticed a centaur
  4881 | D:5      | Shot with an arrow by a centaur

Action                   |  1- 3 |  4- 6 || total
-------------------------+-------+-------++-------
Melee: Unarmed           |   106 |       ||   106
       Dagger            |    80 |    14 ||    94
 Cast: Flame Tongue      |    49 |    22 ||    71
       Throw Flame       |    12 |     4 ||    16
       Conjure Flame     |       |     1 ||     1
 Stab: Sleeping          |     7 |     2 ||     9
  Eat: Chunk             |     8 |     3 ||    11
       Beef jerky        |       |     1 ||     1
